 Dungeon Crawl Stone Soup version 0.30-a0-1160-g6e42c06551 (webtiles) character file.

Game seed: 440328367889205623

161 fozzywoppz the Sneak (level 5, -6/24 HPs)
             Began as a Spriggan Enchanter on Apr 27, 2023.
             Killed by divine providence
             ... invoked by an orc priest
              (8 damage)
             ... on level 4 of the Dungeon.
             The game lasted 00:06:48 (2517 turns).

fozzywoppz the Sneak (Spriggan Enchanter)           Turns: 2517, Time: 00:06:49

Health: -6/24      AC:  2    Str:  6    XL:     5   Next: 18%
Magic:  0/11       EV: 18    Int: 16    God:
Gold:   172        SH:  0    Dex: 16    Spells: 5/10 levels left

rFire   . . .        g - +0 dagger (elec)
rCold   . . .        (no shield)
rNeg    . . .        b - +0 robe
rPois   .            (helmet restricted)
rElec   .            (no cloak)
rCorr   .            (gloves unavailable)
SInv    +            (boots unavailable)
Will    .....        e - amulet of guardian spirit
Stlth   +++          (no ring)
HPRegen 0.24/turn    (no ring)
MPRegen 0.12/turn

%: guardian spirit
@: very quick
A: very small, no large weapons, unfitting armour, see invisible, speed 3
a: no special abilities


You were on level 4 of the Dungeon.
You visited 1 branch of the dungeon, and saw 4 of its levels.

You collected 172 gold pieces.

Inventory:

Hand Weapons
 a - a +1 dagger
 g - a +0 dagger of electrocution (weapon)
Missiles
 o - 9 poisoned darts (quivered)
Armour
 b - a +0 robe (worn)
 h - a +0 buckler
Jewellery
 e - an amulet of guardian spirit (around neck)
 r - an amulet of regeneration
Scrolls
 f - a scroll of butterflies {unknown}
 i - a scroll of brand weapon {unknown}
 j - a scroll of enchant armour {unknown}
 k - 4 scrolls of identify {unknown}
 l - 3 scrolls of teleportation {unknown}
 n - a scroll of noise {unknown}
 q - a scroll of blinking {unknown}
Potions
 c - 2 potions of invisibility
 d - 3 potions of curing {unknown}
 m - a potion of degeneration {unknown}
 p - 2 potions of attraction {unknown}


   Skills:
 - Level 0.1 Fighting
 + Level 2.5 Short Blades
 + Level 3.7 Dodging
 + Level 6.4 Stealth
 + Level 3.4 Spellcasting
 + Level 4.3 Hexes
 - Level 0.2 Ice Magic


You had 5 spell levels left.
You knew the following spells:

 Your Spells              Type           Power      Damage    Failure   Level
a - Ensorcelled Hibernat  Hex/Ice        20%        N/A       11%         2
b - Tukima's Dance        Hex            16%        N/A       9%          3

Your spell library contained the following spells:

 Spells                   Type           Power      Damage    Failure   Level
 Confusing Touch          Hex            16%        N/A       9%          3
 Dazzling Flash           Conj/Hex       18%        N/A       22%         3
 Volatile Blastmotes      Fire/Tloc      4%         2d10      47%         3
 Iskenderun's Mystic Bla  Conj/Tloc      2%         2d3       87%         4
 Starburst                Conj/Fire      1%         6d3       100%        6


Dungeon Overview and Level Annotations

Branches:
Dungeon (4/15)
 Temple: D:4-7

Altars:
Makhleb
Vehumet
Yredelemnul

Annotations:
D:3 3 runed translucent doors, patfeehan111222's ghost, weakling DsBe


Innate Abilities, Weirdness & Mutations

You are very small and have problems with some larger weapons.
You are too small for most types of armour.
You have supernaturally acute eyesight. (SInv)
You cover ground extremely quickly. (Speed+++)


Message History

The orc is heavily wounded.
The orc closely misses you.
You barely miss the orc.
The orc is heavily wounded.
The orc completely misses you.
You closely miss the orc.
The orc is heavily wounded.
The orc priest calls down the wrath of Beogh upon you.
Beogh smites you!
Ouch! That really hurt!
You hit the orc.
The orc is lightly wounded.
The orc hits you but does no damage. The orc barely misses you.
Casting: Ensorcelled Hibernation (safe; 11% risk of failure)
Confirm with . or Enter, or press ? or * to list all spells.
Aiming: Ensorcelled Hibernation (safe; 11% risk of failure)
Press: ? - help, Shift-Dir - straight line, f - orc
Aim: an orc, wielding a +0 dagger (lightly wounded, chance to affect: 62%)
The orc resists with significant effort.
The orc hits you with a +0 club. The orc hits you but does no damage.
You hit the orc.
The orc is heavily wounded.
The orc hits you with a +0 club. The orc hits you with a +0 dagger.
The orc priest miscasts a cantrip.
You completely miss the orc.
The orc is heavily wounded.
You hit the orc.
The orc is almost dead.
The orc hits you with a +0 dagger. The orc hits you but does no damage.
You hit the orc.
You kill the orc!
You hit the orc.
You kill the orc!
You hit the worm.
The worm is lightly wounded.
The worm bites you!
* * * LOW HITPOINT WARNING * * *
The orc priest calls down the wrath of Beogh upon you.
Beogh smites you!
You die...

#..⌠..†⌠#.#
#.........#
#....<....#
#.........#
#....†..###
##.#...##
#.##### #.# #@#
#.# #.########
#.........
#..####### #w.#
......o)>......
......#..######
#.#####...


You could see a worm and an orc priest.

Vanquished Creatures
  A hound (D:4)
  An iguana (D:4)
  3 adders
  2 worms
  2 dart slugs
  2 orcs (D:4)
  6 ball pythons
  6 endoplasms
  3 giant cockroaches
  4 goblins
  5 hobgoblins
  7 jackals
  7 kobolds
  4 quokkas
  3 bats (D:1)
  A frilled lizard (D:1)
  3 rats
60 creatures vanquished.

Vanquished Creatures (others)
  A fungus (D:3)
  3 plants (D:3)
4 creatures vanquished.

Grand Total: 64 creatures vanquished

Notes
Turn   | Place    | Note
-------+----------+-------------------------------------------
     0 | D:1      | fozzywoppz the Spriggan Enchanter began the quest for the
                  | Orb.
     0 | D:1      | Reached XP level 1. HP: 9/9 MP: 5/5
   232 | D:1      | Reached skill level 5 in Stealth
   232 | D:1      | Reached XP level 2. HP: 13/13 MP: 6/6
   235 | D:1      | Learned a level 2 spell: Ensorcelled Hibernation
   605 | D:1      | Reached XP level 3. HP: 13/16 MP: 6/8
  1124 | D:2      | Reached skill level 6 in Stealth
  1387 | D:2      | Found a faded altar of an unknown god.
  1408 | D:2      | Found a radiant altar of Vehumet.
  1686 | D:3      | Reached XP level 4. HP: 21/21 MP: 9/9
  1766 | D:3      | Learned a level 3 spell: Tukima's Dance
  2230 | D:3      | Found a basalt altar of Yredelemnul.
  2230 | D:3      | Found a burning altar of Makhleb.
  2243 | D:3      | Found a runed translucent gate.
  2243 | D:3      | Found a runed translucent gate.
  2243 | D:3      | Found a runed translucent gate.
  2243 | D:3      | Noticed patfeehan111222's ghost (weakling DsBe)
  2293 | D:3      | Noticed a kobold brigand
  2454 | D:4      | Reached XP level 5. HP: 24/24 MP: 7/11
  2517 | D:4      | Killed from afar by an orc priest

Illustrated notes

Levels and vault maps discovered:
D:1:      lightli_arrival_isolated_outpost, layout_loops_corners,
          minmay_small_reverse_x
D:2:      layout_basic, ebering_ecumenical_altar_box, basic_altar
D:3:      layout_loops_ring, gammafunk_temple_overflow_wave,
          gammafunk_ghost_nasty_kobolds
D:4:      layout_basic, nicolae_wu_jian_glorious_leap,
          dreamdust_princess_bridge, grunt_ministairs_1

Skill      XL: |  1  2  3 |
---------------+----------+-----
Stealth        | 5 6 |  6.4
Hexes          | 4 |  4.3
Short Blades   | 2 |  2.5
Dodging        | 3 |  3.7
Spellcasting   | 3 |  3.4
Fighting       | |  0.1
Ice Magic      | |  0.2

Action                     |  1- 3 |  4- 6 || total
---------------------------+-------+-------++-------
  Melee: Dagger            |   136 |    37 ||   173
         Punch             |     2 |       ||     2
   Cast: Ensorcelled Hiber |     4 |     8 ||    12
   Stab: Sleeping          |    20 |    10 ||    30
 Armour: Robe              |     7 |     3 ||    10
  Dodge: Dodged            |   107 |    10 ||   117

Table legend: (Time is in decaauts)
 A = Elapsed time spent in this place.
 B = Non-inter-level travel time spent in this place.
 C = Inter-level travel time spent in this place.
 D = Time resting spent in this place.
 E = Time spent auto-exploring this place.
 F = Levels seen in this place.
 G = Mean time per level.
                   A        B        C        D        E       F      G
               +--------+--------+--------+--------+--------+-----+--------+
         Total |   1719 |   1687 |     32 |      0 |   1175 |   4 |  429.8 |
       Dungeon |   1719 |   1687 |     32 |      0 |   1175 |   4 |  429.8 |
               +--------+--------+--------+--------+--------+-----+--------+

Top non-repeatable levels by time:
     D:1: 656 daAuts
     D:3: 601 daAuts
     D:2: 402 daAuts
     D:4: 59 daAuts
